 Dungeon Crawl Stone Soup version 0.31-a0-232-gb1c03b2570 (webtiles) character file.

Game seed: 3867473798029375921

34 qw the Shooter (level 3, -3/21 HPs)
             Began as a Gargoyle Hexslinger on July 7, 2023.
             Slain by a gnoll
             ... wielding a +0 flail
              (7 damage)
             ... on level 2 of the Dungeon.
             The game lasted 00:00:16 (583 turns).

qw the Shooter (Gargoyle Hexslinger)                 Turns: 583, Time: 00:00:17

Health: -3/21      AC:  5    Str: 11    XL:     3   Next: 31%
Magic:  4/4        EV: 12    Int: 13    God:
Gold:   52         SH:  0    Dex: 14    Spells: 3/4 levels left

rFire   . . .        Y - +1 sling
rCold   + . .        (no shield)
rNeg    + . .        c - +0 robe
rPois   inf          (no helmet)
rElec   +            (no cloak)
rCorr   .            (no gloves)
SInv    .            (no boots)
Will    .....        (no amulet)
Stlth   +            f - ring of protection from cold
HPRegen 0.23/turn    (no ring)
MPRegen 0.09/turn

%: no passive effects
@: no status effects
A: sickness immunity, AC +3, negative energy resistance 1, electricity
resistance, torment resistance 1, petrification resistance
a: no special abilities


You were on level 2 of the Dungeon.
You visited 1 branch of the dungeon, and saw 2 of its levels.

You collected 52 gold pieces.


Innate Abilities, Weirdness & Mutations

You are immune to sickness and miasma.
Your stone body is resilient. (AC +3)
You are immune to poison.
You resist negative energy. (rN+)
You are resistant to electric shocks. (rElec)
You are resistant to unholy torment.
You are immune to petrification.


   Skills:
 - Level 2.0 Fighting
 + Level 3.3 Ranged Weapons
 - Level 1.5 Dodging
 - Level 1.0 Spellcasting
 - Level 2.6 Hexes


You had 3 spell levels left.
You knew the following spells:

 Your Spells              Type           Power      Damage    Failure   Level
a - Slow                  Hex            28%        N/A       10%         1

Your spell library contained the following spells:

 Spells                   Type           Power      Damage    Failure   Level
 Inner Flame              Hex/Fire       4%         N/A       43%         3
 Portal Projectile        Hex/Tloc       8%         N/A       43%         3
 Cause Fear               Hex            3%         N/A       67%         4

Inventory:

Hand Weapons
 Y - a +1 sling (weapon)
Armour
 c - a +0 robe (worn)
Jewellery
 f - a ring of protection from cold (left hand)
Scrolls
 i - a scroll of teleportation
Potions
 d - a potion of degeneration {unknown}
 e - a potion of curing {unknown}
 g - a potion of haste {unknown}
 j - a potion of mutation {unknown}
 k - a potion of berserk rage {unknown}

Dungeon Overview and Level Annotations

Branches:
Dungeon (2/15)

Altars:

Annotations:
D:2 Jessica


Message History

The gnoll hits you with a +0 whip.
Jessica mumbles some strange words.
Jessica blinks!
You climb upwards.
There is a stone staircase leading down here.
Enter note:
Enter note:
Enter note: You shoot a sling bullet.
The sling bullet hits the gnoll.
The gnoll is heavily wounded.
The gnoll hits you with a +0 whip.
You shoot a sling bullet.
The sling bullet hits the gnoll but does no damage.
The gnoll is heavily wounded.
The gnoll misses you.
You shoot a sling bullet. The sling bullet hits the gnoll.
The gnoll is heavily wounded.
The gnoll hits you with a +0 whip. The gnoll barely misses you.
You shoot a sling bullet. The sling bullet hits the gnoll.
You kill the gnoll!
You feel your willpower return.
You start resting.
HP restored.
Done exploring.
(D) Dungeon
Where to? (* - list waypoints, Enter - D:2, ? - help)
What level of the Dungeon? (default 1, ? - help)
You climb downwards.
Level annotation: Jessica The gnoll closely misses you.
There is a stone staircase leading up here.
There are monsters nearby!
You shoot a sling bullet.
The sling bullet closely misses the gnoll.
Jessica hits you but does no damage. The gnoll closely misses you. x2
The gnoll hits you from afar with a +0 spear!
The gnoll hits you with a +0 flail! Jessica hits you but does no damage.
583 ||| STAIRDANCE The gnoll hits you with a +0 flail!
You die...

#... #...
#....
#...########
#.....!.(..##
#...........##
#.....@.......
#.....@.g..#
........g...#
######......#
##+##.....
.#### #


You could see 2 gnolls and Jessica.

Vanquished Creatures
  A gnoll (D:1)
  An endoplasm (D:1)
  2 goblins (D:1)
  2 hobgoblins (D:1)
  5 kobolds (D:1)
  A quokka (D:1)
  2 ball pythons (D:1)
  4 bats (D:1)
  3 frilled lizards (D:1)
  6 rats (D:1)
27 creatures vanquished.

Notes
Turn   | Place    | Note
-------+----------+-------------------------------------------
     0 | D:1      | qw the Gargoyle Hexslinger began the quest for the Orb.
     0 | D:1      | Reached XP level 1. HP: 12/12 MP: 2/2
     0 | D:1      | 0 ||| qw: Version: 0.3-a-46-gb1f654a
     0 | D:1      | 0 ||| qw: Game counter: 2900
     0 | D:1      | 0 ||| qw: Melee chars always use a shield: true
     0 | D:1      | 0 ||| qw: God list: Okawaru
     0 | D:1      | 0 ||| qw: Allow faded altars: false
     0 | D:1      | 0 ||| qw: Do Orc after clearing Dungeon:15 true
     0 | D:1      | 0 ||| qw: Do second Lair branch before Depths: true
     0 | D:1      | 0 ||| qw: Lair rune preference: random
     0 | D:1      | 0 ||| qw: Goals: Normal
     0 | D:1      | 0 ||| PLANNING D:1-11
    98 | D:1      | Reached XP level 2. HP: 16/16 MP: 3/3
   212 | D:1      | Reached skill level 3 in Ranged Weapons
   352 | D:1      | Reached XP level 3. HP: 21/21 MP: 4/4
   479 | D:1      | 479 ||| UPGRADING to ring of protection from cold.
   480 | D:1      | 480 ||| READING 3 scrolls labelled QYUSKEELEZ.
   481 | D:1      | 481 ||| READING 2 scrolls labelled FYJONW NAIMIRPHU.
   484 | D:1      | 484 ||| DROPPING 2 scrolls of vulnerability.
   485 | D:1      | 485 ||| DROPPING scroll of poison.
   516 | D:2      | Noticed Jessica
   519 | D:2      | 519 ||| STAIRDANCE
   582 | D:2      | HP: 4/21 [gnoll/+0 flail (9)]
   583 | D:2      | 583 ||| STAIRDANCE
   583 | D:2      | Slain by a gnoll

Levels and vault maps discovered:
D:1:      wheals_arrival_shading, layout_basic
D:2:      layout_basic, kennysheep_crisscross, grunt_ministairs_13,
          uniq_natasha, uniq_jessica, uniq_terence

Skill      XL: |  1  2  3 |
---------------+----------+-----
Ranged Weapons | 3 |  3.3
Fighting       | 2 |  2.0
Dodging        | |  1.5
Spellcasting   | |  1.0
Hexes          | |  2.6

Action                     || total
---------------------------++-------
   Fire: Sling             ||    61
    Use: Scroll            ||     2
 Armour: Robe              ||     6
  Dodge: Dodged            ||    21

Table legend:
 A = Non-vault XP
 B = Vault XP
 C = Vault XP percentage of total XP
 D = Non-vault monster count
 E = Vault monster count
 F = Vault count percentage of total count
                 A         B        C        D         E       F
            +---------+---------+-------+---------+---------+-------
      Total |      49 |       0 |   0.0 |      27 |       0 |   0.0
            +---------+---------+-------+---------+---------+-------
        D:1 |      49 |       0 |   0.0 |      27 |       0 |   0.0
            +---------+---------+-------+---------+---------+-------
